 Dungeon Crawl Stone Soup version 0.19.5 (webtiles) character file.

492 Wander the Cudgeler (level 6, -5/47 HPs)
             Began as a Mummy Fighter on Mar 29, 2017.
             Was a Follower of Makhleb.
             Slain by a mummy (11 damage)
             ... in an ossuary.
             The game lasted 00:07:40 (4666 turns).

Wander the Cudgeler (Mummy Fighter)                 Turns: 4666, Time: 00:07:41

Health: -5/47      AC: 16    Str: 19    XL:     6   Next: 91%
Magic:  6/6        EV:  4    Int: 10    God:    Makhleb [*.....]
Gold:   182        SH:  9    Dex: 13    Spells: 0 memorised, 5 levels left

rFire  x . .     SeeInvis .     h - +0 whip
rCold  + . .     Gourm    .     s - +0 chain mail
rNeg   + + +     Faith    .     c - +0 shield
rPois  ∞         Spirit   .     q - +2 helmet
rElec  .         Reflect  .     l - +0 cloak
rCorr  .         Harm     .     (no gloves)
MR     .....                    k - +2 pair of boots
Stlth  ..........               (no amulet)
                                j - +2 ring of intelligence
                                g - ring of wizardry

@: no status effects
A: no food or potions, fire vulnerability, cold resistance 1, negative energy
resistance 3, torment resistance, unbreathing
a: Renounce Religion


You were in an ossuary.
You worshipped Makhleb.
Makhleb was aware of your devotion.
You were not hungry.

You visited 1 branch of the dungeon, and saw 5 of its levels.
You also visited: Ossuary.

You collected 182 gold pieces.

Inventory:

Hand Weapons
 a - a +0 flail
 h - a +0 whip (weapon)
Armour
 b - a +0 scale mail
 c - a +0 shield (worn)
 k - a +2 pair of boots (worn)
 l - a +0 cloak (worn)
 q - a +2 helmet (worn)
 s - a +0 chain mail (worn)
Jewellery
 g - a ring of wizardry (left hand)
 j - a +2 ring of intelligence (right hand)
Wands
 p - a wand of iceblast (6/15)
Scrolls
 d - 2 scrolls of magic mapping {unknown}
 e - 2 scrolls of recharging {unknown}
 f - a scroll of amnesia {unknown}
 i - a scroll of random uselessness {unknown}
 m - a scroll of remove curse {unknown}
 n - 2 scrolls of teleportation {unknown}
 o - 3 scrolls of identify {unknown}
 r - a scroll of immolation {unknown}


   Skills:
 - Level 3.0 Fighting
 + Level 6.2 Maces & Flails
 - Level 2.4 Armour
 - Level 2.4 Shields


You had 5 spell levels left.
You didn't know any spells.

Dungeon Overview and Level Annotations

Branches:
Dungeon (5/15)
 Temple: D:4-7

Altars:
Fedhas
Makhleb

Shops:
D:4 [[[%


Innate Abilities, Weirdness & Mutations

You do not eat or drink.
Your flesh is vulnerable to fire.
You are immune to poison.
Your flesh is cold resistant. (rC+)
You are immune to negative energy. (rN+++)
You are immune to unholy pain and torment.
You can survive without breathing.


Message History

The mummy is severely damaged.
The mummy hits you! The mummy hits you. The mummy hits you but does no damage.
You hit the mummy.
The mummy is severely damaged.
You block the mummy's attack. You block the gnoll zombie's attack.
Your chain mail prevents you from hitting the mummy.
The mummy is severely damaged.
The mummy hits you! The mummy hits you but does no damage. The mummy hits you.
* * * LOW HITPOINT WARNING * * *
You block the gnoll zombie's attack.
Your shield and chain mail prevent you from hitting the mummy.
The mummy is severely damaged.
You block the mummy's attack.
You hit the mummy.
You destroy the mummy!
Makhleb accepts your kill.
You feel better. You block the gnoll zombie's attack. The mummy hits you!
* * * LOW HITPOINT WARNING * * *
The mummy hits you!
You die...

.....##....##...
................
...............
.............
#........#
#......# #...Z#
#..M.# #.ZM@#
#..ZM# #....#
#....# #....#
#....# #.∩∩.#
######


You could see 3 mummies, a hobgoblin zombie, a gnoll zombie and an orc zombie.

Vanquished Creatures
  An ogre (D:4)
  A sky beast (D:5)
  A phantom (D:4)
  An iguana (D:3)
  A worker ant (D:4)
  A mummy (Ossuary)
  Robin (D:3)
  2 adders (D:2)
  3 gnolls
  An ooze (D:1)
  An adder skeleton (D:4)
  4 dart slugs
  2 worms
  5 leopard geckos
  5 orcs (D:3)
  5 giant cockroaches
  12 hobgoblins
  3 jackals (D:4)
  A quokka (D:3)
  7 bats
  2 frilled lizards (D:2)
  A gnoll zombie (Ossuary)
  14 goblins
  A goblin zombie (D:5)
  8 kobolds
  2 kobold zombies (Ossuary)
  3 orc zombies
  4 rats
93 creatures vanquished.

Notes
Turn   | Place    | Note
-------+----------+-------------------------------------------
     0 | D:1      | Wander the Mummy Fighter began the quest for the Orb.
     0 | D:1      | Reached XP level 1. HP: 18/18 MP: 1/1
    39 | D:1      | Reached skill level 2 in Maces & Flails
   225 | D:1      | Reached XP level 2. HP: 24/24 MP: 2/2
   654 | D:2      | Reached XP level 3. HP: 26/29 MP: 3/3
   732 | D:2      | Reached skill level 3 in Maces & Flails
   979 | D:2      | Found a blossoming altar of Fedhas.
  1072 | D:3      | Found a burning altar of Makhleb.
  1080 | D:3      | Became a worshipper of Makhleb the Destroyer
  1481 | D:2      | Reached XP level 4. HP: 19/35 MP: 4/4
  1938 | D:3      | Reached skill level 4 in Maces & Flails
  2098 | D:3      | Noticed Robin
  2169 | D:3      | Killed Robin
  2179 | D:3      | Reached * piety under Makhleb
  2308 | D:3      | Reached XP level 5. HP: 41/41 MP: 5/5
  2622 | D:4      | Found Kaskest's Antique Armour Shoppe.
  2623 | D:4      | Found Coihaxkod's Armour Shoppe.
  2624 | D:4      | Found Votyixu's Food Shoppe.
  2625 | D:4      | Found Bailagim's Armour Shoppe.
  3054 | D:4      | Noticed an ogre
  3529 | D:4      | Noticed a phantom
  3612 | D:4      | Killed a phantom
  3612 | D:4      | Reached skill level 5 in Maces & Flails
  3612 | D:4      | Reached XP level 6. HP: 43/47 MP: 6/6
  4339 | D:5      | Entered Level 5 of the Dungeon
  4371 | D:5      | Noticed a sky beast
  4414 | D:5      | Killed a sky beast
  4414 | D:5      | Reached skill level 6 in Maces & Flails
  4498 | D:5      | Found a sand-covered staircase.
  4509 | Ossuary  | Entered an ossuary
  4666 | Ossuary  | Slain by a mummy

Skill      XL: |  1  2  3  4  5  6 |
---------------+-------------------+-----
Maces & Flails | 2 3 4 5 6 |  6.2
Fighting       | |  3.0
Armour         | |  2.4
Shields        | |  2.4

Action                   |  1- 3 |  4- 6 || total
-------------------------+-------+-------++-------
Melee: Flail             |    34 |       ||    34
       Whip              |   114 |   427 ||   541
Armor: Scale mail        |    73 |    89 ||   162
       Chain mail        |       |    73 ||    73
Dodge: Dodged            |    49 |    73 ||   122
Block: Shield            |    69 |   157 ||   226
